 Dungeon Crawl Stone Soup version 0.31.0-12-g77e489cdc1 (webtiles) character file.

Game seed: 6474916403321499282

1023 spaghetti the Fighter (level 8, -10/97 HPs)
             Began as an Oni Chaos Knight on Mar 1, 2024.
             Was a Plaything of Xom.
             Mangled by Duvessa
             ... wielding a +0 short sword
              (11 damage)
             ... on level 5 of the Dungeon.
             The game lasted 00:05:48 (4945 turns).

spaghetti the Fighter (Oni Chaos Knight)            Turns: 4945, Time: 00:05:49

Health: -10/97     AC:  5    Str: 19      XL:     8   Next: 22%
Magic:  8/8        EV:  9    Int: 13      God:    Xom [....*.]
Gold:   338        SH:  0    Dex:  7 (8)  Spells: 7/7 levels left

rFire   . .          .
                       - Unarmed
rCold   . . .        (no shield)
rNeg    . . .        a - +2 robe
rPois   .            (helmet restricted)
rElec   .            (no cloak)
rCorr   .            (gloves unavailable)
SInv    .            (boots unavailable)
Will    .....        (no amulet)
Stlth   +            (no ring)
HPRegen 0.36/turn    (no ring)
MPRegen 0.11/turn

%: no passive effects
@: no status effects
A: large, unfitting armour, horns 1, tough skin 1, double potion healing,
drunken brawling
a: Renounce Religion


You were on level 5 of the Dungeon.
You worshipped Xom.
You were a beloved toy of Xom.
You visited 1 branch of the dungeon, and saw 6 of its levels.

You collected 338 gold pieces.

Inventory:

Hand Weapons
 c - a +2 war axe of pain
 d - a +0 broad axe
Armour
 a - a +2 robe (worn)
Wands
 b - a wand of mindburst (12)
Scrolls
 e - a scroll of fog


   Skills:
 + Level 11.3 Fighting
 - Level 2.1 Dodging
 - Level 4.9 Unarmed Combat


You had 7 spell levels left.
You didn't know any spells.
Your spell library contained the following spells:

 Spells                   Type           Power      Damage    Failure   Level
 Freeze                   Ice            0%         1d3       30%         1
 Sandblast                Erth           0%         2d4       30%         1
 Sting                    Conj/Alch      0%         1d3       30%         1
 Mercury Vapours          Alch/Air       0%         N/A       43%         2
 Frozen Ramparts          Ice            0%         1d1       67%         3
 Hailstorm                Conj/Ice       0%         3d5       67%         3
 Inner Flame              Hex/Fire       0%         N/A       67%         3
 Passwall                 Erth           0%         N/A       67%         3
 Stone Arrow              Conj/Erth      0%         3d7       67%         3
 Brom's Barrelling Bould  Conj/Erth      0%         2d3       97%         4
 Leda's Liquefaction      Alch/Erth      0%         N/A       97%         4
 Olgreb's Toxic Radiance  Alch           0%         N/A       97%         4
 Irradiate                Conj/Alch      0%         3d11      100%        5
 Lee's Rapid Deconstruct  Erth           0%         3d4*      100%        5
 Bombard                  Conj/Erth      0%         9d1       100%        6
 Ignition                 Fire           0%         3d3       100%        8


Dungeon Overview and Level Annotations

Branches:
Dungeon (6/15)
 Temple: D:4-7

Altars:
Hepliaklqana
Makhleb
Nemelex Xobeh
Qazlal
Uskayaw
Xom
The Shining One

Annotations:
D:5 Duvessa
D:6 3 runed translucent doors, MiniTore's ghost, novice TrBe


Innate Abilities, Weirdness & Mutations

You are too large for most types of armour.
You have a pair of small horns on your head.
You have tough skin. (AC +1)
You gain doubled healing and magic from potions.
Whenever you drink a healing potion, you attack all around you.


Message History

Duvessa hits you with a +0 short sword!
Aiming: Charm
Press: ? - help, Shift-Dir - straight line, f/p - Duvessa
Aim: Duvessa, wielding a +0 short sword and wearing a +0 chain mail (lightly wounded, berserk, softly glowing, chance to affect: 31%) Duvessa easily resists.
Duvessa barely misses you.
Aiming: Charm
Press: ? - help, Shift-Dir - straight line, f/p - Duvessa
Aim: Duvessa, wielding a +0 short sword and wearing a +0 chain mail (lightly wounded, berserk, softly glowing, chance to affect: 31%) Duvessa easily resists.
Duvessa barely misses you. Duvessa hits you with a +0 short sword.
Aiming: Charm
Press: ? - help, Shift-Dir - straight line, f/p - Duvessa
Aim: Duvessa, wielding a +0 short sword and wearing a +0 chain mail (lightly wounded, berserk, softly glowing, chance to affect: 31%) Duvessa easily resists.
The now-empty wand crumbles to dust. "Serve the mortal, my child!"
Duvessa hits you but does no damage.
No previous command to re-do.
Unknown command.
No previous command to re-do.
Aiming: Mindburst
Press: ? - help, Shift-Dir - straight line, f/p - Duvessa
Aim: Duvessa, wielding a +0 short sword and wearing a +0 chain mail (lightly wounded, berserk, softly glowing, ally target, chance to affect: 47%) Duvessa resists with some effort.
Duvessa hits you with a +0 short sword. Duvessa hits you with a +0 short sword!
* * * LOW HITPOINT WARNING * * *
Your shadow imp hits Duvessa but does no damage.
Aiming: Mindburst
Press: ? - help, Shift-Dir - straight line, f/p - Duvessa
Aim: Duvessa, wielding a +0 short sword and wearing a +0 chain mail (lightly wounded, berserk, not watching you, softly glowing, ally target, chance to affect: 47%) Duvessa resists with some effort.
Duvessa hits you with a +0 short sword.
* * * LOW HITPOINT WARNING * * *
Your shadow imp hits Duvessa but does no damage.
Aiming: Mindburst
Press: ? - help, Shift-Dir - straight line, f/p - Duvessa
Aim: Duvessa, wielding a +0 short sword and wearing a +0 chain mail (lightly wounded, berserk, softly glowing, ally target, chance to affect: 47%) Duvessa resists with some effort.
Duvessa hits you with a +0 short sword!
* * * LOW HITPOINT WARNING * * *
Duvessa hits you with a +0 short sword!
You die...
Xom is highly amused!

#.#####.###.# ∆
######.#####...#.####
#..bb........#......#
####b####.#.......#.##.#
#...b.bb#.#.....###.##.#
##.##b##.#...........##.#
#...### ##......5#####.#
#...#E# .##...).e.# #.#
#...####.##.....@.# #.#
.......e.##.......# #.#
.._.....# #.......#####.#
........# #.....>.##....#
#...###.# #.......##.####
#...#E#.############.#
#...###..# #.# ##.......#
#########.#
##.##.#.###......##.#


You could see Duvessa (berserk, corona, ally target) and a friendly shadow imp
(summoned).

Vanquished Creatures
  Sigmund (D:4)
  A phantom (D:4)
  Dowan (D:5)
  A bombardier beetle (D:4)
  8 hounds
  2 jellies
  3 orc priests
  Jessica (D:2)
  2 iguanas (D:5)
  An orc wizard (D:2)
  6 adders
  2 ribbon worms
  6 orcs
  4 endoplasms
  4 giant cockroaches
  10 goblins
  5 hobgoblins
  6 jackals (D:3)
  9 kobolds
  5 quokkas
  7 ball pythons
  6 bats
  4 frilled lizards
  8 rats
103 creatures vanquished.

Vanquished Creatures (collateral kills)
  An ice beast (D:6)
1 creature vanquished.

Grand Total: 104 creatures vanquished

Notes
Turn   | Place    | Note
-------+----------+-------------------------------------------
     0 | D:1      | spaghetti the Oni Chaos Knight began the quest for the Orb.
     0 | D:1      | Reached XP level 1. HP: 24/24 MP: 1/1
   145 | D:1      | Reached XP level 2. HP: 32/32 MP: 2/2
   156 | D:1      | XOM: 4-stop teleportation journey
   379 | D:1      | XOM: silly message
   620 | D:1      | Reached XP level 3. HP: 39/39 MP: 3/3
   908 | D:1      | XOM: noise
   951 | D:2      | Noticed Jessica
   957 | D:2      | Killed Jessica
   983 | D:2      | Found a hazy altar of Hepliaklqana.
   991 | D:2      | Reached XP level 4. HP: 48/48 MP: 4/4
  1022 | D:2      | XOM: noise
  1420 | D:2      | Found a faded altar of an unknown god.
  1677 | D:2      | Reached XP level 5. HP: 37/55 MP: 5/5
  1729 | D:2      | XOM: god gift: sling {god gift}
  1749 | D:3      | Reached skill level 5 in Fighting
  1790 | D:3      | XOM: 2-stop teleportation journey
  1962 | D:3      | XOM: 2-stop teleportation journey
  2264 | D:3      | Reached skill level 6 in Fighting
  2286 | D:3      | XOM: scenery: create altars
  2292 | D:3      | Reached XP level 6. HP: 64/67 MP: 6/6
  2455 | D:4      | Noticed a +0 dagger
  2455 | D:4      | Noticed a +0 spear
  2462 | D:4      | Noticed a +0 spear
  2535 | D:4      | Noticed a +0 falchion
  2536 | D:4      | Noticed a +0 falchion
  2536 | D:4      | Noticed a +0 short sword
  2537 | D:4      | Noticed a +0 dagger
  2550 | D:4      | Found a hide-covered altar of Uskayaw.
  2551 | D:4      | Noticed a +0 short sword
  2567 | D:4      | Reached skill level 7 in Fighting
  2693 | D:4      | XOM: enchant monster (good)
  2696 | D:4      | XOM: polymorph iguana -> orc
  2913 | D:4      | XOM: enchant monster (good)
  3054 | D:4      | Reached skill level 8 in Fighting
  3054 | D:4      | Reached XP level 7. HP: 79/80 MP: 7/7
  3054 | D:4      | Found a burning altar of Makhleb.
  3091 | D:4      | Noticed Sigmund
  3125 | D:4      | Killed Sigmund
  3126 | D:4      | Reached skill level 9 in Fighting
  3275 | D:4      | Found a sparkling altar of Nemelex Xobeh.
  3561 | D:4      | XOM: god gift: 44 gold pieces
  3639 | D:5      | Entered Level 5 of the Dungeon
  3664 | D:5      | Reached skill level 10 in Fighting
  3959 | D:5      | Noticed a fire elemental
  3964 | D:5      | Found a stormy altar of Qazlal.
  3965 | D:5      | Noticed Duvessa
  3965 | D:5      | Noticed Dowan
  3966 | D:5      | Noticed an air elemental
  3967 | D:5      | Noticed a water elemental
  3974 | D:5      | XOM: blink monster(s)
  3977 | D:5      | XOM: smoke on damage
  4007 | D:6      | Found a runed translucent gate.
  4007 | D:6      | Found a runed translucent gate.
  4007 | D:6      | Found a runed translucent gate.
  4129 | D:6      | Noticed MiniTore's ghost (novice TrBe)
  4132 | D:6      | XOM: cleaving
  4138 | D:6      | XOM: cast spell 'Discord'
  4143 | D:6      | Reached XP level 8. HP: 35/96 MP: 8/8
  4290 | D:6      | Reached skill level 11 in Fighting
  4569 | D:6      | Found a glowing golden altar of the Shining One.
  4631 | D:6      | XOM: butterfly on damage
  4674 | D:5      | XOM: divination: detect items
  4678 | D:5      | XOM: enchant monster (good)
  4931 | D:5      | Killed Dowan
  4934 | D:5      | XOM: fake destruction
  4942 | D:5      | XOM: summons friendly shadow imp
  4945 | D:5      | HP: 1/97 [Duvessa/+0 short sword (16)]
  4945 | D:5      | Mangled by Duvessa

Illustrated notes

Levels and vault maps discovered:
D:1:      onia_arrival_mini_spirals, layout_basic, serial_forest,
          infiniplex_forest_lined_3_way, infiniplex_forest_straight_4,
          infiniplex_forest_clump_double, infiniplex_forest_clump_diagonal,
          infiniplex_forest_lined_room_2, infiniplex_forest_straight_1,
          infiniplex_forest_pool, infiniplex_forest_straight_5,
          infiniplex_forest_straight_2, infiniplex_forest_straight_4
D:2:      layout_rooms, basic_altar, hellmonk_ecumenical_altar_heavens_door,
          grunt_ministairs_1, uniq_jessica
D:3:      layout_loops_cross
D:4:      layout_basic, lemuel_crystal_altar, nicolae_uskayaw_en_pointe,
          makhleb_heckhound_becter, uniq_sigmund
D:5:      layout_loops_cross, nicolae_qazlal_style_of_elements,
          marbit_many_paths, uniq_edmund, uniq_blork_the_orc, uniq_duvessa
D:6:      layout_cave_pods, mainiacjoe_overflow_small_starburst,
          gammafunk_ghost_split

Skill      XL: |  1  2  3  4  5  6  7  8 |
---------------+-------------------------+-----
Unarmed Combat | 3 4 |  4.9
Fighting       | 6 8 10 11 | 11.3
Dodging        | |  2.1

Action                     |  1- 3 |  4- 6 |  7- 9 || total
---------------------------+-------+-------+-------++-------
  Melee: Unarmed           |    83 |   226 |   144 ||   453
         Headbutt          |     9 |    30 |    27 ||    66
         Punch             |       |     5 |     4 ||     9
  Evoke: Wand              |       |       |    10 ||    10
    Use: Scroll            |       |     5 |     5 ||    10
         Potion            |       |     5 |     2 ||     7
   Stab: Petrified         |       |    11 |       ||    11
         Paralysed         |       |     1 |       ||     1
 Armour: Robe              |    60 |   137 |   116 ||   313
  Dodge: Dodged            |    39 |   101 |    56 ||   196
